 Dungeon Crawl Stone Soup version 0.26-a0-257-g47e9e61525 (webtiles) character file.

Game seed: 10281834195309754819

223 Gargoyl the Skirmisher (level 5, -13/46 HPs)
             Began as a Centaur Abyssal Knight on July 10, 2020.
             Was a Believer of Lugonu.
             Blown up by Ijyb (31 damage)
             ... with a disintegration bolt
             ... on level 3 of the Dungeon.
             The game lasted 00:04:17 (3337 turns).

Gargoyl the Skirmisher (Centaur Abyssal Knight)     Turns: 3337, Time: 00:04:18

Health: -13/46     AC:  6    Str: 14    XL:     5   Next: 66%
Magic:  7/7        EV:  6    Int: 11    God:    Lugonu [**....]
Gold:   87         SH: 17    Dex: 16    Spells: 4/4 levels left

rFire    . . .     SeeInvis .   a - +1 hand axe
rCold    . . .     Faith    .   e - +4 kite shield
rNeg     . . .     Spirit   .   i - +0 ring mail
rPois    .         Reflect  +   (no helmet)
rElec    .         Harm     .   (no cloak)
rCorr    .                      (no gloves)
MR       .....                  (no barding)
Stlth    ..........             f - amulet of reflection
HPRegen  0.15/turn              n - +6 ring of dexterity
MPRegen  0.10/turn              (no ring)

@: very quick
A: large, hooves 3, deformed body, speed 2, tough skin 3
a: Depart the Abyss, Bend Space, Renounce Religion


You were on level 3 of the Dungeon.
You worshipped Lugonu.
Lugonu was pleased with you.
You were not hungry.

You visited 1 branch of the dungeon, and saw 3 of its levels.
You visited the Abyss 1 time.

You collected 87 gold pieces.

Inventory:

Hand Weapons
 a - a +1 hand axe (weapon)
Missiles
 g - 8 boomerangs (quivered)
Armour
 e - a +4 kite shield (worn)
 i - a +0 ring mail (worn)
Jewellery
 f - an amulet of reflection (around neck)
 n - a +6 ring of dexterity (left hand)
Scrolls
 j - 2 scrolls of identify
 k - a scroll of immolation {unknown}
 o - a scroll of teleportation {unknown}
Potions
 b - 2 potions of invisibility {unknown}
 c - 3 potions of flight {unknown}
 h - a potion of resistance {unknown}
 l - 2 potions of heal wounds {unknown}
 m - a potion of haste {unknown}
Comestibles
 d - 2 rations


   Skills:
 + Level 3.7 Fighting
 + Level 3.1 Axes
 * Level 2.3 Armour
 + Level 0.9 Dodging
 * Level 1.5 Shields
 * Level 3.0 Invocations


You had 4 spell levels left.
You didn't know any spells.
Your spell library was empty.

Dungeon Overview and Level Annotations

Branches:
Dungeon (3/15)

Altars:

Annotations:
D:3 Ijyb


Innate Abilities, Weirdness & Mutations

You have hooves in place of feet.
Armour fits poorly on your strangely shaped body.
You cover ground very quickly.
You have extremely tough skin. (AC +3)


Message History

You see here a +0 spear.
You block Ijyb's attack.
You hit Ijyb. Your kick misses Ijyb.
Ijyb is moderately wounded.
You block Ijyb's attack.
You hit Ijyb. You kick Ijyb.
Ijyb is heavily wounded.
You block Ijyb's attack.
You hit Ijyb. Your kick misses Ijyb.
Ijyb is severely wounded.
Ijyb zaps a wand.
You are blasted!
Ouch! That really hurt!
You hit Ijyb but do no damage. You kick Ijyb.
Ijyb is severely wounded.
You block Ijyb's attack.
You hit Ijyb but do no damage. You kick Ijyb.
Ijyb is almost dead.
You block Ijyb's attack.
Ijyb zaps a wand.
You are blasted!
Ouch! That really hurt!
You die...

##### # #######... .# ...
#......#.####.# ....
#......#.#....# ....
#.............# ########.^
#####'#......#
........#.#########.#.#..#######
.............ggg@..............>
)#....#.#....####)).#.....###.#.
†g.#....#....#<##)###.......#
........#...S#...)#.....#.#.#
.#....#.##..##..#...##..#...#
.#.#g...###.##......#...#####
.#g#.#### #.###.#.#.#..##
##..g######|# #.#.#....#
#.......##.# #.#.####.#


You could see Ijyb and 2 gnolls.

Vanquished Creatures
  9 gnolls
  5 adders (D:2)
  An ooze (D:2)
  A worm (D:2)
  2 dart slugs
  4 leopard geckos
  3 ball pythons
  4 giant cockroaches
  7 goblins
  7 hobgoblins
  8 jackals
  8 kobolds
  4 quokkas
  5 bats
  3 frilled lizards
  6 rats
77 creatures vanquished.

Notes
Turn   | Place    | Note
-------+----------+-------------------------------------------
     0 | Abyss:1  | Gargoyl the Centaur Abyssal Knight began the quest for the
                  | Orb.
     0 | Abyss:1  | Reached XP level 1. HP: 19/19 MP: 2/2
    54 | Abyss:2  | Noticed a great orb of eyes
    70 | Abyss:2  | Noticed a large abomination
    81 | Abyss:2  | Noticed an ancient zyme
    83 | D:1      | Escaped the Abyss
   217 | D:1      | Reached XP level 2. HP: 22/26 MP: 3/3
   300 | D:1      | Reached * piety under Lugonu
   908 | D:2      | Reached XP level 3. HP: 31/31 MP: 4/4
  1426 | D:2      | Reached skill level 1 in Shields
  1426 | D:2      | Reached XP level 4. HP: 31/39 MP: 5/5
  1974 | D:2      | Reached ** piety under Lugonu
  2354 | D:2      | Reached XP level 5. HP: 45/46 MP: 6/6
  3125 | D:3      | Noticed Ijyb
  3337 | D:3      | Blown up by Ijyb

Illustrated notes

Levels and vault maps discovered:
D:1:      heliophobic_arrival_dark_side_of_the_moon, layout_basic
D:2:      layout_loops_corners
D:3:      layout_basic, uniq_ijyb

Skill      XL: |  1  2  3  4  5 |
---------------+----------------+-----
Axes           | 2 3 |  3.1
Shields        | 1 |  1.5
Armour         | 2 |  2.3
Invocations    | 3 |  3.0
Fighting       | |  3.7
Dodging        | |  0.9

Action                   |  1- 3 |  4- 6 || total
-------------------------+-------+-------++-------
Melee: Hand axe          |   108 |   120 ||   228
       Kick              |    14 |    26 ||    40
Invok: Depart the Abyss  |     1 |       ||     1
  Use: Scroll            |     5 |     4 ||     9
  Eat: Ration            |     1 |     1 ||     2
Armor: Leather armour    |    27 |       ||    27
       Ring mail         |    41 |    33 ||    74
Dodge: Dodged            |    38 |    26 ||    64
Block: Kite shield       |    69 |   115 ||   184
       Reflection        |       |     4 ||     4

Table legend:
 A = Non-vault XP
 B = Vault XP
 C = Vault XP percentage of total XP
 D = Non-vault monster count
 E = Vault monster count
 F = Vault count percentage of total count
                 A         B        C        D         E       F
            +---------+---------+-------+---------+---------+-------
      Total |     319 |       0 |   0.0 |      77 |       0 |   0.0
            +---------+---------+-------+---------+---------+-------
        D:1 |      39 |       0 |   0.0 |      21 |       0 |   0.0
        D:2 |     169 |       0 |   0.0 |      29 |       0 |   0.0
        D:3 |     111 |       0 |   0.0 |      27 |       0 |   0.0
            +---------+---------+-------+---------+---------+-------
